 Dungeon Crawl Stone Soup version 0.30-a0-364-gf6b3ef1 (webtiles) character file.

Game seed: 5668685212292314565

8040 Dorkslayer the Basher (level 11, -2/81 HPs)
             Began as a Merfolk Fighter on Nov 15, 2022.
             Was an Initiate of Gozag.
             Killed by divine providence
             ... invoked by a smoke demon
              (9 damage)
             ... on level 1 of the Abyss.
             The game lasted 00:27:27 (8845 turns).

Dorkslayer the Basher (Merfolk Fighter)             Turns: 8845, Time: 00:27:27

Health: -2/81      AC: 20    Str: 21    XL:     11   Next: 24%
Magic:  11/11      EV:  7    Int:  5    God:    Gozag
Gold:   1176       SH:  5    Dex: 16    Spells: 10/10 levels left

rFire   + . .      SeeInvis .    y - +10 mace of Huatuit {flame, rElec rPois rC+++ Int-3}
rCold   + + +      Faith    .    c - +0 buckler
rNeg    . . .      Spirit   .    G - +1 plate armour
rPois   +          Reflect  .    (no helmet)
rElec   +          Harm     .    d - +0 cloak
rCorr   .          Rampage  .    x - +2 pair of gloves {Dex+3}
Will    .....                    B - +1 pair of boots {Fly}
Stlth   ..........               (no amulet)
HPRegen 0.33/turn                p - ring of protection from fire
MPRegen 0.12/turn                (no ring)

@: about to teleport, flying
A: (nimble swimmer 2), mertail
a: Renounce Religion, Potion Petition, Call Merchant, Bribe Branch


You were on level 1 of the Abyss.
You worshipped Gozag.
Gozag was most pleased with you.
You visited 2 branches of the dungeon, and saw 10 of its levels.
You visited the Abyss 1 time.
You also visited: Ossuary.

You collected 1669 gold pieces.
You spent 404 gold pieces at shops.
You paid 89 gold pieces to Gozag.

Inventory:

Hand Weapons
 a - a +0 trident of flaming
 q - the +2 hammer of Ohiran {drain, rF++}
   (You found it on level 3 of the Dungeon)

   A truly terrible weapon, it drains the life of any living foe it strikes.
   rF:        It greatly protects you from fire.
 r - the +1 hammer "Bete" {antimagic, rPois Dex+2}
   (You found it on level 3 of the Dungeon)

   It reduces the magical energy of the wielder, and disrupts the spells and
   magical abilities of those it strikes.
   Natural abilities and divine invocations are not affected.
   Dex:       It affects your dexterity (+2).
   rPois:     It protects you from poison.
 y - the +10 mace of Huatuit (weapon) {flame, rElec rPois rC+++ Int-3}
   (You found it on level 3 of the Dungeon)

   It burns those it strikes, dealing additional fire damage.
   Int:       It affects your intelligence (-3).
   rC:        It renders you almost immune to cold.
   rElec:     It insulates you from electricity.
   rPois:     It protects you from poison.
 C - the +11 whip of Eternal War {venom, rF+ Will+ Int+2 SInv}
   (You found it on level 4 of the Dungeon)

   It poisons the flesh of those it strikes.
   Int:       It affects your intelligence (+2).
   rF:        It protects you from fire.
   SInv:      It lets you see invisible.
   Will:      It increases your willpower.
Missiles
 z - a throwing net
 A - 8 boomerangs (quivered)
 E - 26 poisoned darts
Armour
 c - a +0 buckler (worn)
 d - a +0 cloak (worn)
 x - a +2 pair of gloves of dexterity (worn)
 B - a +1 pair of boots of flying (worn)
 G - a +1 plate armour (worn)
Jewellery
 p - a ring of protection from fire (left hand)
Wands
 e - a wand of paralysis (5)
 n - a wand of mindburst (9)
 t - a wand of polymorph (6)
 H - a wand of acid (6)
Scrolls
 f - a scroll of immolation
 l - 2 scrolls of fear
 m - 3 scrolls of butterflies
 o - 2 scrolls of poison
 s - 2 scrolls of blinking
 v - a scroll of brand weapon
 D - a scroll of summoning
 I - a scroll of magic mapping {unknown}
Potions
 b - 3 potions of heal wounds {unknown}
 g - 2 potions of mutation {unknown}
 h - a potion of curing
 i - a potion of might
 j - 3 potions of flight
 k - 6 potions of magic
 u - 2 potions of brilliance
 w - a potion of cancellation
 J - a potion of haste


   Skills:
 + Level 6.1 Fighting
 * Level 8.6 Maces & Flails
 + Level 5.1 Polearms
 + Level 5.1 Throwing
 * Level 6.2 Armour
 + Level 4.2 Dodging
 + Level 2.0 Stealth
 * Level 5.3 Shields
 * Level 5.6 Evocations


You had 10 spell levels left.
You didn't know any spells.
Your spell library contained the following spells:

 Spells                   Type           Power      Damage    Failure   Level
 Beastly Appendage        Tmut           0%         N/A       100%        1
 Freeze                   Ice            0%         1d3       100%        1
 Ensorcelled Hibernation  Hex/Ice        0%         N/A       100%        2
 Sublimation of Blood     Necr           0%         N/A       100%        2
 Wereblood                Tmut           0%         N/A       100%        2
 Frozen Ramparts          Ice            0%         1d1       100%        3
 Hailstorm                Conj/Ice       0%         3d3       100%        3
 Spider Form              Tmut/Pois      0%         N/A       100%        3
 Anguish                  Hex/Necr       0%         N/A       100%        4
 Summon Hydra             Summ           0%         N/A       100%        7


Dungeon Overview and Level Annotations

Branches:
Dungeon (9/15)             Temple (1/1) D:5         Ossuary (visited)
   Lair: D:8-11         Orc: D:9-12

Altars:
Ashenzari
Cheibriados
Dithmenos
Elyvilon
Fedhas
Gozag
Hepliaklqana
Kikubaaqudgha
Makhleb
Nemelex Xobeh
Okawaru
Qazlal
Ru
Sif Muna
Trog
Uskayaw
Vehumet
Wu Jian
Xom
Yredelemnul
Zin
The Shining One

Shops:
D:2 [   D:5 (

Annotations:
D:9 Erolcha


Innate Abilities, Weirdness & Mutations

((You are very nimble when in or above water. (Stealth+, EV+, Speed+++)))
Your lower body shifts to a powerful aquatic tail in water.


Message History

The thrashing horror is moderately damaged.
The thrashing horror tramples you but does no damage. x4
Okay, then.
You hit the thrashing horror. You burn the thrashing horror.
The thrashing horror is heavily damaged.
The thrashing horror barely misses you.
The thrashing horror tramples you but does no damage. x2
The thrashing horror barely misses you.
You hit the thrashing horror.
The thrashing horror is heavily damaged.
You block the thrashing horror's attack.
The thrashing horror barely misses you.
You closely miss the smoke demon.
The smoke demon hits you but does no damage. x2
The smoke demon barely misses you.
You closely miss the rakshasa.
A large abomination comes into view.
Unknown command.
You hit the rakshasa. You burn the rakshasa.
The rakshasa is lightly wounded.
The rakshasa gestures at you. The lance of force hits you.
You are knocked back by the lance of force.
You slam into the rock wall!
* * * LOW HITPOINT WARNING * * *
You sock the rakshasa! You burn the rakshasa.
The rakshasa is moderately wounded.
The rakshasa weaves an illusion.
The large abomination shimmers and seems to become two!
Unknown command.
You hit the rakshasa but do no damage.
The rakshasa is moderately wounded.
The rakshasa hits you but does no damage.
Unknown command.
You hit the rakshasa but do no damage.
The rakshasa is moderately wounded.
The rakshasa weaves an illusion.
The smoke demon gestures at you. Something smites you!
You die...
Your body crumbles into a pile of gold.

.# . .#
.. ..
#. .
#.#.
#XX#
#X3R###
#@.#
####


You could see a rakshasa, 3 large abominations and a smoke demon.

Vanquished Creatures
  A hydra (D:8)
  A centaur warrior (D:8)
  A two-headed ogre (D:9)
  Pikel (D:4)
  A large abomination (Abyss:1)
  Maggie (D:8)
  A hornet (D:8)
  Grinder (D:3)
  A flying skull (Abyss:1)
  6 yaks (D:8)
  A wraith (D:9)
  2 steam dragons
  A water moccasin (D:5)
  3 orc warriors
  2 ice beasts (D:6)
  A black bear (D:8)
  5 sky beasts
  3 ogres (D:6)
  2 centaurs (D:9)
  A phantom (D:5)
  3 lemures (D:4)
  A kobold brigand (D:8)
  3 necrophages
  3 scorpions
  4 wights (D:5)
  4 howler monkeys
  A hound (D:6)
  2 jellies (D:7)
  Crazy Yiuf (D:3)
  6 orc priests
  Jessica (D:3)
  2 iguanas
  8 orc wizards
  Natasha (D:3)
  8 mummies (Ossuary)
  3 gnolls (D:4)
  9 adders
  3 white imps
  An ufetubus (D:4)
  3 worms
  5 dart slugs
  24 orcs
  2 endoplasms
  5 giant cockroaches
  2 gnoll zombies (Ossuary)
  12 goblins
  12 hobgoblins
  4 jackals (D:2)
  4 quokkas
  7 ball pythons
  9 bats
  5 frilled lizards
  23 kobolds
  4 kobold zombies (Ossuary)
  2 orc zombies (Ossuary)
  5 rats
  2 rat zombies (D:8)
230 creatures vanquished.

Vanquished Creatures (others)
  2 demonic plants (Abyss:1)
  2 fungi (D:3)
  13 plants
17 creatures vanquished.

Grand Total: 247 creatures vanquished

Notes
Turn   | Place    | Note
-------+----------+-------------------------------------------
     0 | D:1      | Dorkslayer the Merfolk Fighter began the quest for the Orb.
     0 | D:1      | Reached XP level 1. HP: 18/18 MP: 1/1
     2 | D:1      | Noticed an elf
     2 | D:1      | Noticed a demonspawn
     4 | D:1      | Noticed an armataur
     4 | D:1      | Noticed a meteoran
     6 | D:1      | Noticed a vine stalker
     8 | D:1      | Noticed a draconian
     8 | D:1      | Noticed a formicid
    10 | D:1      | Noticed a demigod
    10 | D:1      | Noticed a naga
    12 | D:1      | Noticed a merfolk
    12 | D:1      | Noticed a tengu
    14 | D:1      | Noticed a human
    14 | D:1      | Noticed a troll
    16 | D:1      | Noticed a gargoyle
    16 | D:1      | Noticed a vampire
    18 | D:1      | Noticed a felid
    20 | D:1      | Noticed an octopode
    20 | D:1      | Noticed a spriggan
    22 | D:1      | Noticed a minotaur
    22 | D:1      | Noticed a ghoul
    26 | D:1      | Noticed a vampire
   391 | D:1      | Reached XP level 2. HP: 18/24 MP: 2/2
   488 | D:1      | Noticed a floating eye
   510 | D:1      | Found a faded altar of an unknown god.
   512 | D:1      | Noticed a floating eye
   518 | D:1      | Noticed a great orb of eyes
   524 | D:1      | Noticed a great orb of eyes
   857 | D:2      | Reached skill level 1 in Dodging
   939 | D:2      | Found a shimmering blue altar of Sif Muna.
   955 | D:2      | Reached XP level 3. HP: 29/29 MP: 3/3
  1135 | D:2      | Reached XP level 4. HP: 22/36 MP: 4/4
  1408 | D:2      | Found Figadgh's Antique Armour Boutique.
  1944 | D:3      | Identified the +1 hammer "Bete" {antimagic, rPois Dex+2}
  1945 | D:3      | Identified the +2 hammer of Ohiran {drain, rF++}
  1955 | D:3      | Found a runed translucent door.
  1998 | D:3      | Found a stormy altar of Qazlal.
  2040 | D:3      | Noticed Natasha
  2045 | D:3      | Killed Natasha
  2046 | D:3      | Reached XP level 5. HP: 31/42 MP: 5/5
  2054 | D:3      | Noticed Jessica
  2066 | D:3      | Killed Jessica
  2250 | D:3      | Identified the +10 mace of Huatuit {flame, rElec rPois
                  | rC+++ Int-3}
  2289 | D:3      | Noticed Grinder
  2301 | D:3      | Paralysed by Grinder for 3 turns
  2307 | D:3      | Killed Grinder
  2308 | D:3      | Reached skill level 2 in Maces & Flails
  2308 | D:3      | Reached skill level 5 in Polearms
  2308 | D:3      | Reached skill level 1 in Evocations
  2308 | D:3      | Reached XP level 6. HP: 35/48 MP: 6/6
  2408 | D:3      | Noticed Crazy Yiuf
  2499 | D:3      | Killed Crazy Yiuf
  2582 | D:4      | Reached XP level 7. HP: 50/54 MP: 7/7
  2770 | D:4      | Identified the +11 whip of Eternal War {venom, rF+ Will+
                  | Int+2 SInv}
  2971 | D:4      | Reached skill level 3 in Maces & Flails
  3023 | D:4      | Reached skill level 1 in Throwing
  3239 | D:4      | Reached skill level 1 in Stealth
  3324 | D:5      | Entered Level 5 of the Dungeon
  3324 | D:5      | Noticed Pikel
  3695 | D:4      | Killed Pikel
  3696 | D:4      | Reached skill level 4 in Maces & Flails
  3696 | D:4      | Reached XP level 8. HP: 58/61 MP: 8/8
  3747 | D:5      | Found Uzifixe's Weapon Emporium.
  3856 | D:5      | Found a staircase to the Ecumenical Temple.
  3862 | Temple   | Entered the Ecumenical Temple
  3862 | Temple   | Found a transporter.
  3862 | Temple   | Found a transporter.
  3864 | Temple   | Found a transporter.
  3864 | Temple   | Found a transporter.
  3885 | Temple   | Became a worshipper of Gozag Ym Sagoz the Greedy
  3974 | D:5      | Reached skill level 5 in Maces & Flails
  4178 | D:5      | Reached XP level 9. HP: 67/67 MP: 9/9
  4251 | D:5      | You fall into a shaft and drop 3 floors!
  4317 | D:8      | Reached skill level 5 in Fighting
  4322 | D:8      | Reached skill level 6 in Maces & Flails
  4392 | D:8      | Noticed a hornet
  4410 | D:8      | a hornet changed into a sky beast
  4549 | D:8      | Noticed a hornet
  4556 | D:8      | Killed a hornet
  4557 | D:8      | Reached XP level 10. HP: 33/74 MP: 10/10
  4636 | D:8      | Noticed Maggie
  4659 | D:8      | Found a sand-covered staircase.
  4666 | Ossuary  | Entered an ossuary
  4788 | Ossuary  | Reached skill level 7 in Maces & Flails
  5053 | D:8      | Killed Maggie
  5516 | D:5      | Found a shimmering blue altar of Sif Muna.
  5678 | D:2      | Bought a pair of embroidered gloves for 202 gold pieces
  5678 | D:2      | Bought a pair of glowing boots for 202 gold pieces
  5914 | D:6      | Found a hazy altar of Hepliaklqana.
  5921 | D:6      | Found an iron altar of Okawaru.
  5960 | D:6      | Reached skill level 5 in Armour
  6233 | D:6      | Reached skill level 5 in Throwing
  6890 | D:7      | Found a snail-covered altar of Cheibriados.
  7966 | D:8      | Noticed a four-headed hydra
  7967 | D:8      | Noticed a centaur warrior
  7977 | D:8      | Killed a four-headed hydra
  7978 | D:8      | Reached skill level 5 in Evocations
  7984 | D:8      | Killed a centaur warrior
  7985 | D:8      | Reached skill level 8 in Maces & Flails
  7985 | D:8      | Reached skill level 5 in Shields
  8139 | D:8      | Reached XP level 11. HP: 81/81 MP: 11/11
  8306 | D:9      | Noticed a two-headed ogre
  8325 | D:9      | Killed a two-headed ogre
  8684 | D:9      | Noticed Erolcha
  8695 | Abyss:1  | Cast into level 1 of the Abyss (Erolcha)
  8704 | Abyss:1  | Found a corrupted altar of Lugonu.
  8739 | Abyss:1  | Noticed a large abomination
  8750 | Abyss:1  | Killed a large abomination
  8818 | Abyss:1  | Noticed a thrashing horror
  8833 | Abyss:1  | Noticed a rakshasa
  8840 | Abyss:1  | Noticed a large abomination
  8841 | Abyss:1  | Noticed a large abomination
  8845 | Abyss:1  | Killed from afar by a smoke demon

Illustrated notes

Levels and vault maps discovered:
D:1:      kb_arrival_jail, layout_basic, hellmonk_ecumenical_altar_watching_god,
          hangedman_glass_garden
D:2:      layout_basic, basic_altar, serial_shops, shop, lexackson_kobold_supper
D:3:      layout_rooms, grunt_qazlal_clouds, minmay_close_crescents,
          uniq_crazy_yiuf_cottage, uniq_grinder, uniq_natasha, uniq_jessica
D:4:      corexii_shantytown, layout_loops_cross
D:5:      layout_cave_pools, lemuel_blue_sif_altar, temple_green, serial_shops,
          nicolae_shop_bloodbath_and_beyond, kennysheep_decorative_pillar,
          uniq_pikel
D:6:      layout_basic, nicolae_overflow_squiral
D:7:      layout_cave_pods, chei_slow_surprise
D:8:      layout_loops_cross, enter_ossuary_4, minmay_misc_feat_columns,
          minmay_small_thing, uniq_maggie
D:9:      layout_stronghold, grunt_ministairs_12, uniq_erolcha
Temple:   hellmonk_temple_divided_pantheon
Abyss:1:  base: D:1, minivault_19, spicy_abyss_helpful_harpoons

Skill      XL: |  1  2  3  4  5  6  7  8  9 10 11 |
---------------+----------------------------------+-----
Dodging        | 1 2 3 4 |  4.2
Polearms       | 3 4 5 |  5.1
Fighting       | 4 5 6 |  6.1
Maces & Flails | 2 4 5 6 8 |  8.6
Evocations     | 1 2 3 4 5 |  5.6
Throwing       | 2 3 4 5 |  5.1
Armour         | 3 4 5 6 |  6.2
Stealth        | 1 2 |  2.0
Shields        | 5 |  5.3

Action                   |  1- 3 |  4- 6 |  7- 9 | 10-12 || total
-------------------------+-------+-------+-------+-------++-------
Melee: Trident           |    97 |    87 |       |       ||   184
       Mace              |       |    55 |   189 |   245 ||   489
       Unarmed           |       |     1 |       |       ||     1
Throw: Throwing net      |       |     2 |     2 |       ||     4
       Boomerang         |       |     1 |    17 |    14 ||    32
Evoke: Wand              |       |       |     1 |     7 ||     8
  Use: Potion            |       |     1 |     7 |     4 ||    12
       Scroll            |       |       |    18 |     2 ||    20
 Stab: Held in net/web   |       |     2 |       |       ||     2
       Paralysed         |       |       |       |     3 ||     3
Armor: Scale mail        |    54 |    60 |    54 |       ||   168
       Plate armour      |       |       |    26 |   160 ||   186
       Skin              |       |       |     3 |       ||     3
Dodge: Dodged            |    27 |    50 |    74 |    82 ||   233
Block: Buckler           |    14 |    24 |    36 |    42 ||   116

Table legend: (Time is in decaauts)
 A = Elapsed time spent in this place.
 B = Non-inter-level travel time spent in this place.
 C = Inter-level travel time spent in this place.
 D = Time resting spent in this place.
 E = Time spent auto-exploring this place.
 F = Levels seen in this place.
 G = Mean time per level.
                   A        B        C        D        E       F      G
               +--------+--------+--------+--------+--------+-----+--------+
         Total |   8960 |   8762 |    198 |    724 |   3753 |  12 |  746.7 |
       Dungeon |   8395 |   8197 |    198 |    599 |   3737 |   9 |  932.8 |
        Temple |     38 |     38 |      0 |      0 |      0 |   1 |   38.0 |
         Abyss |    149 |    149 |      0 |      0 |      0 |   1 |  149.0 |
       Ossuary |    377 |    377 |      0 |    125 |     16 |   1 |  377.0 |
               +--------+--------+--------+--------+--------+-----+--------+

Top non-repeatable levels by time:
     D:4: 1261 daAuts
     D:6: 1189 daAuts
     D:8: 1134 daAuts
     D:2: 1087 daAuts
     D:7: 890 daAuts
     D:3: 835 daAuts
     D:1: 810 daAuts
     D:5: 739 daAuts
     D:9: 446 daAuts
 Ossuary: 377 daAuts
 Abyss:1: 149 daAuts
  Temple: 38 daAuts
